 Dungeon Crawl Stone Soup version 0.27.0 (webtiles) character file.

Game seed: 2207482042560215403

207 Tirrikindir the Skirmisher (level 5, -3/37 HPs)
             Began as an Octopode Fighter on July 30, 2021.
             Slain by a gnoll (14 damage)
             ... on level 4 of the Dungeon.
             The game lasted 00:05:14 (3541 turns).

Tirrikindir the Skirmisher (Octopode Fighter)       Turns: 3541, Time: 00:05:16

Health: -3/37      AC:  1    Str: 15    XL:     5   Next: 85%
Magic:  5/5        EV: 11    Int: 11    God:
Gold:   191        SH:  9    Dex: 12    Spells: 4/4 levels left

rFire    . . .     SeeInvis .   a - +0 long sword
rCold    . . .     Faith    .   b - +0 kite shield
rNeg     . . .     Spirit   .   (helmet restricted)
rPois    .         Reflect  .   (no amulet)
rElec    .         Harm     .   (no ring)
rCorr    .         Rampage  .   (no ring)
Will     .....                  (no ring)
Stlth    +++.......             (no ring)
HPRegen  0.12/turn              (no ring)
MPRegen  0.09/turn              (no ring)
                                (no ring)
                                (no ring)

@: no status effects
A: almost no armour, amphibious, 8 rings, camouflage 1, gelatinous body 1,
(nimble swimmer 1), tentacles
a: no special abilities


You were on level 4 of the Dungeon.
You visited 1 branch of the dungeon, and saw 4 of its levels.

You collected 191 gold pieces.

Inventory:

Hand Weapons
 a - a +0 long sword (weapon)
 d - a +0 short sword
Missiles
 l - 7 boomerangs (quivered)
Armour
 b - a +0 kite shield (worn)
Scrolls
 c - a scroll of fear
 f - 2 scrolls of teleportation
 h - a scroll of vulnerability {unknown}
Potions
 e - a potion of curing
 g - 2 potions of mutation {unknown}
 i - 2 potions of brilliance {unknown}
 j - a potion of berserk rage {unknown}


   Skills:
 + Level 3.8 Fighting
 * Level 3.7 Long Blades
 + Level 3.7 Dodging
 + Level 2.9 Stealth
 + Level 3.6 Shields


You had 4 spell levels left.
You didn't know any spells.
Your spell library contained the following spells:

 Spells                   Type           Power      Damage    Failure   Level
 Sting                    Tmut/Pois      0%         1d3       83%         1
 Poisonous Vapours        Pois/Air       0%         N/A       93%         2
 Gell's Gravitas          Tloc           0%         N/A       99%         3
 Lesser Beckoning         Tloc           0%         N/A       99%         3
 Teleport Other           Tloc           0%         N/A       99%         3
 Olgreb's Toxic Radiance  Pois           0%         N/A       100%        4


Dungeon Overview and Level Annotations

Branches:
Dungeon (4/15)
 Temple: D:4-7

Altars:

Annotations:
D:3 1 runed translucent door, RascalDebosk's ghost, weakling DECj


Innate Abilities, Weirdness & Mutations

You cannot wear most types of armour.
You are amphibious.
You can wear up to eight rings at the same time.
Your skin changes colour to match your surroundings (Stealth+).
Your rubbery body absorbs attacks. (AC +1, EV +1)
((You are camouflaged near water. (Stealth+)))
You have tentacles for arms and can constrict up to eight enemies at once.


Message History

The gnoll shouts!
Found 15 bolts.
Throw: 8 boomerangs
Press: ? - help, Q - select action Shift-Dir - straight line, f - gnoll
Aim: a gnoll, wielding a +0 halberd (61% to hit)
You throw a boomerang. The gnoll shouts!
The boomerang hits the gnoll.
The gnoll is moderately wounded.
Throw: 8 boomerangs
Press: ? - help, Q - select action Shift-Dir - straight line, f/p - gnoll
Aim: a gnoll, wielding a +0 halberd (moderately wounded, 60% to hit)
You throw a boomerang. The boomerang hits the gnoll.
The gnoll is severely wounded.
Unknown command.
Throw: 8 boomerangs
Press: ? - help, Q - select action Shift-Dir - straight line, f/p - gnoll
Aim: a gnoll, wielding a +0 halberd (severely wounded, 61% to hit)
You throw a boomerang. The boomerang hits the gnoll.
You kill the gnoll!
Unknown command.
The gnoll hits you with a +0 club.
Found 28 sling bullets.
You hit the gnoll. You grab the gnoll. You squeeze the gnoll.
The gnoll is heavily wounded.
You constrict the gnoll. The gnoll hits you with a +0 flail!
The gnoll hits you with a +0 club. The gnoll barely misses you.
You riposte.
You hit the gnoll but do no damage. Your grab misses the gnoll.
You hit the gnoll but do no damage. You grab the gnoll.
You constrict the gnoll. x2; The gnoll barely misses you.
The gnoll hits you with a +0 flail.
* * * LOW HITPOINT WARNING * * *
You block the gnoll's attack.
You hit the gnoll but do no damage.
The gnoll is severely wounded.
You constrict the gnoll.
You constrict the gnoll, but do no damage.
An endoplasm comes into view.
The gnoll hits you with a +0 flail!
You die...

#.........#
#...#......<.
#...#########
#...# #...#
#...##########
#....#...(....
#....#.g......
#.....@g......
#...##...)....
######..###..J
..... # ......
......#..
.....## #
..(...#


You could see 2 gnolls and an endoplasm (wandering).

Vanquished Creatures
  A hound (D:4)
  Terence (D:3)
  A gnoll (D:4)
  5 adders
  An adder skeleton (D:3)
  2 worms (D:3)
  3 dart slugs
  3 orcs (D:3)
  12 ball pythons
  4 endoplasms
  A giant cockroach (D:3)
  6 hobgoblins
  15 jackals
  2 kobolds (D:3)
  2 quokkas
  2 bats
  4 frilled lizards
  4 goblins
  7 rats
76 creatures vanquished.

Vanquished Creatures (others)
  2 fungi (D:1)
  6 plants (D:1)
8 creatures vanquished.

Grand Total: 84 creatures vanquished

Notes
Turn   | Place    | Note
-------+----------+-------------------------------------------
     0 | D:1      | Tirrikindir the Octopode Fighter began the quest for the
                  | Orb.
     0 | D:1      | Reached XP level 1. HP: 16/16 MP: 1/1
   149 | D:1      | Reached XP level 2. HP: 15/21 MP: 2/2
   486 | D:1      | Found a faded altar of an unknown god.
   538 | D:1      | Reached skill level 1 in Stealth
  1193 | D:1      | Reached XP level 3. HP: 25/26 MP: 3/3
  1783 | D:2      | Reached XP level 4. HP: 20/31 MP: 4/4
  2398 | D:3      | Noticed Terence
  2416 | D:3      | Killed Terence
  2417 | D:3      | Reached XP level 5. HP: 10/36 MP: 5/5
  3239 | D:3      | Found a runed translucent door.
  3240 | D:3      | Noticed RascalDebosk's ghost (weakling DECj)
  3541 | D:4      | Slain by a gnoll

Illustrated notes

Levels and vault maps discovered:
D:1:      tarquinn_simple_flora_water_d, layout_loops_corners, serial_forest,
          infiniplex_forest_corner_1, infiniplex_forest_clump_tiny,
          infiniplex_forest_clump_double, infiniplex_forest_lined_1,
          infiniplex_forest_corner_1, infiniplex_forest_clump_small,
          infiniplex_forest_lined_corner, infiniplex_forest_straight_4,
          infiniplex_forest_zigzag_1, shapermc_ecumenical_altar_petra
D:2:      layout_basic, grunt_ministairs_7, due_unseen_surprise
D:3:      layout_loops_ring, hellmonk_ghost_happy_afterlife,
          corexii_hall_statues_x, minmay_misc_feat_five, kennysheep_nub,
          minmay_joined_circles, uniq_terence
D:4:      cheibrodos_thug_alley, layout_rooms, serial_shops, shop

Skill      XL: |  1  2  3  4 |
---------------+-------------+-----
Stealth        | 1 2 |  2.9
Long Blades    | 3 |  3.7
Fighting       | |  3.8
Dodging        | |  3.7
Shields        | |  3.6

Action                   |  1- 3 |  4- 6 || total
-------------------------+-------+-------++-------
Melee: Long sword        |    61 |    77 ||   138
       Constrict         |    24 |    28 ||    52
       Tentacles         |    12 |    15 ||    27
Throw: Boomerang         |       |     3 ||     3
  Use: Scroll            |     1 |     3 ||     4
       Potion            |       |     1 ||     1
 Stab: Sleeping          |     7 |     5 ||    12
Armor: Skin              |     1 |     9 ||    10
Dodge: Dodged            |    24 |    26 ||    50
Block: Kite shield       |    27 |    29 ||    56
       Rpst.: Long sword |     9 |    11 ||    20
